 Dungeon Crawl Stone Soup version 0.30-a0-125-g51eefa89be (webtiles) character file.

Game seed: 9279244958305468272

231 Casaw the Vexing (level 5, -2/24 HPs)
             Began as a Spriggan Enchanter on Sept 18, 2022.
             Slain by a wraith (11 damage)
             ... in an ossuary.
             The game lasted 00:11:54 (4682 turns).

Casaw the Vexing (Spriggan Enchanter)               Turns: 4682, Time: 00:11:54

Health: -2/24      AC:  2    Str: 16      XL:     5   Next: 73%
Magic:  9/13       EV: 17    Int: 14 (15) God:
Gold:   225        SH:  0    Dex: 14 (15) Spells: 3/14 levels left

rFire   . . .      SeeInvis +    a - +3 dagger
rCold   . . .      Faith    .    (no shield)
rNeg    . . .      Spirit   .    b - +0 robe
rPois   .          Reflect  .    (helmet restricted)
rElec   .          Harm     .    (no cloak)
rCorr   .          Rampage  .    (gloves unavailable)
Will    .....                    (boots unavailable)
Stlth   +++.......               (no amulet)
HPRegen 0.08/turn                l - +6 ring of strength
MPRegen 0.13/turn                (no ring)

@: confusing by touch, slowed, invisible (expiring), quick
A: very small, no large weapons, unfitting armour, see invisible, speed 3, claws
1, horns 1, deterioration 1, strong 1
a: no special abilities


You were in an ossuary.
You visited 1 branch of the dungeon, and saw 4 of its levels.
You also visited: Ossuary.

You collected 225 gold pieces.

Inventory:

Hand Weapons
 a - a +3 dagger (weapon)
 k - a +1 dagger of protection
Armour
 b - a +0 robe (worn)
Jewellery
 l - a +6 ring of strength (left claw)
Potions
 c - a potion of invisibility
 d - 2 potions of brilliance
 g - 3 potions of curing
 h - 3 potions of flight
 i - a potion of attraction {unknown}
 j - 2 potions of haste {unknown}


   Skills:
 - Level 1.1 Short Blades
 - Level 2.6 Dodging
 + Level 5.1 Stealth
 + Level 5.3 Spellcasting
 + Level 5.9 Hexes


You had 3 spell levels left.
You knew the following spells:

 Your Spells              Type           Power      Damage    Failure   Level
a - Ensorcelled Hibernat  Hex/Ice        24%        N/A       8%          2
b - Tukima's Dance        Hex            20%        N/A       4%          3
c - Dazzling Flash        Conj/Hex       24%        N/A       16%         3
d - Confusing Touch       Hex            20%        N/A       4%          3

Your spell library contained the following spells:

 Spells                   Type           Power      Damage    Failure   Level
 Summon Guardian Golem    Hex/Summ       12%        N/A       16%         3
 Summon Small Mammal      Summ           12%        N/A       17%         1
 Call Canine Familiar     Summ           3%         N/A       45%         3


Dungeon Overview and Level Annotations

Branches:
Dungeon (4/15)            Ossuary (1/1)
 Temple: D:4-7

Altars:
Cheibriados
Fedhas
Zin
The Shining One


Innate Abilities, Weirdness & Mutations

You are very small and have problems with some larger weapons.
You are too small for most types of armour.
You have supernaturally acute eyesight. (SInv)
You cover ground extremely quickly. (Speed+++)
You have sharp fingernails.
You have a pair of small horns on your head.
Your body sometimes deteriorates upon taking damage.
Your muscles are strong. (Str +4, Int/Dex -1)


Message History

You hit the wraith but do no damage.
The wraith is moderately damaged.
You feel a little less mighty now. The wraith hits you.
* * * LOW HITPOINT WARNING * * *
The wraith drains your vigour!
You feel as though you will be slow longer.
The wraith closely misses you.
You feel much better. The wraith barely misses you.
You hit the wraith but do no damage. You headbutt the wraith.
The wraith is heavily damaged.
The wraith hits you. The wraith drains your vigour!
You feel as though you will be slow longer.
The wraith closely misses you.
You hit the wraith but do no damage.
The wraith is heavily damaged.
The wraith closely misses you.
You hit the wraith but do no damage.
You headbutt the wraith, but do no damage.
The wraith is heavily damaged.
Your claws stop glowing.
The wraith hits you.
Your body deteriorates!
You feel clumsy.
You barely miss the wraith.
The wraith is heavily damaged.
You flicker for a moment.
The wraith closely misses you. The wraith hits you.
The wraith drains your vigour!
You feel as though you will be slow longer.
You hit the wraith but do no damage.
The wraith is heavily damaged.
The wraith closely misses you.
You hit the wraith but do no damage.
The wraith is heavily damaged.
The wraith barely misses you. The wraith completely misses you.
Casting: Confusing Touch (quite dangerous; 4% risk of failure)
Confirm with . or Enter, or press ? or * to list all spells.
The spell is quite dangerous to miscast (4% risk of failure)!
Continue anyway?
Your claws begin to glow red.
The wraith hits you!
You die...

### ### ##..
..##
#...#####...#
..##...##.. .
##.!?!.## . ..
#.???!..# ..
...##.?W!.##...
#...##.@.##...#
#...##'##...#
..##.........##
...#####'#####..
................
................
#######'''######
####...#
#!?'...+


You could see a wraith.

Vanquished Creatures
  A howler monkey (D:4)
  2 orc wizards (D:4)
  A mummy (Ossuary)
  3 adders
  3 worms
  A dart slug (D:1)
  4 orcs
  5 bats
  6 endoplasms
  2 giant cockroaches
  5 goblins
  13 hobgoblins
  3 kobolds
  5 quokkas
  6 ball pythons
  4 frilled lizards
  4 kobold skeletons (Ossuary)
  5 orc skeletons (Ossuary)
  7 rats
80 creatures vanquished.

Vanquished Creatures (collateral kills)
  A gnoll (D:2)
1 creature vanquished.

Vanquished Creatures (others)
  A dancing weapon (D:2)
  22 plants (D:4)
23 creatures vanquished.

Grand Total: 104 creatures vanquished

Notes
Turn   | Place    | Note
-------+----------+-------------------------------------------
     0 | D:1      | Casaw the Spriggan Enchanter began the quest for the Orb.
     0 | D:1      | Reached XP level 1. HP: 9/9 MP: 5/5
    40 | D:1      | Found a faded altar of an unknown god.
    95 | D:1      | Gained mutation: Your body sometimes deteriorates upon
                  | taking damage. [potion of mutation]
    95 | D:1      | Gained mutation: You have sharp fingernails. [potion of
                  | mutation]
    95 | D:1      | Gained mutation: Your muscles are strong. (Str +4, Int/Dex
                  | -1) [potion of mutation]
    95 | D:1      | Gained mutation: You have a pair of small horns on your
                  | head. [potion of mutation]
   133 | D:1      | Reached XP level 2. HP: 13/13 MP: 7/7
   136 | D:1      | Learned a level 2 spell: Ensorcelled Hibernation
  1080 | D:2      | Reached XP level 3. HP: 9/16 MP: 9/9
  1084 | D:2      | Learned a level 3 spell: Tukima's Dance
  1088 | D:2      | Learned a level 3 spell: Confusing Touch
  1223 | D:2      | Found a glowing silver altar of Zin.
  2947 | D:2      | Reached skill level 5 in Hexes
  2947 | D:2      | Reached XP level 4. HP: 18/21 MP: 7/11
  3353 | D:2      | Learned a level 3 spell: Dazzling Flash
  3614 | D:3      | Found a snail-covered altar of Cheibriados.
  3617 | D:3      | Found a glowing golden altar of the Shining One.
  3619 | D:3      | Found a blossoming altar of Fedhas.
  4238 | D:4      | Reached XP level 5. HP: 22/24 MP: 8/13
  4253 | D:4      | Reached skill level 5 in Spellcasting
  4357 | D:4      | Reached skill level 5 in Stealth
  4611 | D:4      | Found a sand-covered staircase.
  4620 | Ossuary  | Entered an ossuary
  4620 | Ossuary  | Noticed a wraith
  4620 | Ossuary  | Noticed a wraith
  4620 | Ossuary  | Noticed a wraith
  4667 | Ossuary  | Noticed a wraith
  4682 | Ossuary  | Slain by a wraith

Illustrated notes

Levels and vault maps discovered:
D:1:      zaba_arrival_water, layout_basic, nicolae_ecumenical_snake_handling
D:2:      minmay_razor_zed, layout_basic, basic_altar, hangedman_glass_teeth
D:3:      layout_loops_ring, grunt_temple_overflow_open
D:4:      layout_basic, nicolae_ossuary_entry_monument, nicolae_grassy_gnolls
Ossuary:  ossuary_due_mausoleum

Skill      XL: |  1  2  3  4  5 |
---------------+----------------+-----
Spellcasting   | 3 4 5 |  5.3
Hexes          | 4 5 |  5.9
Stealth        | 5 |  5.1
Short Blades   | |  1.1
Dodging        | |  2.6

Action                   |  1- 3 |  4- 6 || total
-------------------------+-------+-------++-------
Melee: Dagger            |   128 |   106 ||   234
       Headbutt          |    16 |    22 ||    38
       Punch             |       |     1 ||     1
Throw: Throwing net      |       |     1 ||     1
 Cast: Ensorcelled Hiber |    14 |    15 ||    29
       Tukima's Dance    |     1 |     1 ||     2
       Confusing Touch   |       |     2 ||     2
  Use: Scroll            |     7 |     5 ||    12
       Potion            |     1 |     6 ||     7
 Stab: Sleeping          |    18 |     6 ||    24
       Invisible         |       |     3 ||     3
Armor: Robe              |    12 |    13 ||    25
Dodge: Dodged            |    96 |    90 ||   186

Table legend: (Time is in decaauts)
 A = Elapsed time spent in this place.
 B = Non-inter-level travel time spent in this place.
 C = Inter-level travel time spent in this place.
 D = Time resting spent in this place.
 E = Time spent auto-exploring this place.
 F = Levels seen in this place.
 G = Mean time per level.
                   A        B        C        D        E       F      G
               +--------+--------+--------+--------+--------+-----+--------+
         Total |   3770 |   3681 |     89 |    795 |   2166 |   5 |  754.0 |
       Dungeon |   3714 |   3625 |     89 |    795 |   2166 |   4 |  928.5 |
       Ossuary |     56 |     56 |      0 |      0 |      0 |   1 |   56.0 |
               +--------+--------+--------+--------+--------+-----+--------+

Top non-repeatable levels by time:
     D:2: 2218 daAuts
     D:1: 643 daAuts
     D:3: 495 daAuts
     D:4: 357 daAuts
 Ossuary: 56 daAuts
